 Dungeon Crawl Stone Soup version 0.29-a0-298-g3c90f9a769 (webtiles) character file.

Game seed: 3196342338846375273

809 Ajdolov the Covert (level 7, -4/60 HPs)
             Began as a Gnoll Delver on Mar 23, 2022.
             Was an Initiate of Ru.
             Killed by divine providence
             ... invoked by an orc priest
              (13 damage)
             ... on level 5 of the Dungeon.
             The game lasted 00:06:54 (5602 turns).

Ajdolov the Covert (Gnoll Delver)                   Turns: 5602, Time: 00:06:54

Health: -4/60      AC:  6    Str: 11    XL:     7   Next: 92%
Magic:  11/11      EV: 10    Int: 10    God:    Ru [......]
Gold:   309        SH:  5    Dex: 15    Spells: 11/11 levels left

rFire   . . .      SeeInvis .   h - +0 long sword
rCold   . . .      Faith    .   (no shield)
rNeg    . . .      Spirit   .   k - +0 scale mail
rPois   .          Reflect  +   (no helmet)
rElec   .          Harm     .   (no cloak)
rCorr   .          Rampage  .   (no gloves)
Will    .....                   (no boots)
Stlth   +++.......              i - amulet of reflection
HPRegen 0.20/turn               (no ring)
MPRegen 0.12/turn               (no ring)

@: no status effects
A: fangs 1, strong nose, distributed training
a: Renounce Religion


You were on level 5 of the Dungeon.
You worshipped Ru.
Ru was noncommittal.
You visited 2 branches of the dungeon, and saw 6 of its levels.

You collected 309 gold pieces.

Inventory:

Hand Weapons
 h - a +0 long sword (weapon)
Missiles
 n - a throwing net (quivered)
 u - 11 poisoned darts
Armour
 k - a +0 scale mail (worn)
Jewellery
 i - an amulet of reflection (around neck)
Wands
 g - a wand of digging (12)
Scrolls
 a - a scroll of enchant armour {unknown}
 c - a scroll of fog
 d - a scroll of magic mapping
 e - 3 scrolls of fear
 f - a scroll of vulnerability {unknown}
 j - a scroll of torment {unknown}
 m - 4 scrolls of identify {unknown}
 t - a scroll of teleportation {unknown}
 v - a scroll of silence {unknown}
Potions
 b - a potion of ambrosia {unknown}
 l - a potion of heal wounds {unknown}
 o - a potion of curing
 p - a potion of invisibility {unknown}
 q - 2 potions of might {unknown}
 r - a potion of attraction {unknown}
 s - a potion of cancellation {unknown}


   Skills:
 + Level 7.1 Fighting
 + Level 2.8 Short Blades
 + Level 5.4 Long Blades
 + Level 2.8 Axes
 + Level 2.8 Maces & Flails
 + Level 2.8 Polearms
 + Level 2.8 Staves
 + Level 2.8 Slings
 + Level 2.8 Bows
 + Level 2.8 Crossbows
 + Level 2.8 Throwing
 + Level 2.8 Armour
 + Level 5.4 Dodging
 + Level 10.0 Stealth
 + Level 2.8 Shields
 + Level 2.8 Unarmed Combat
 + Level 2.8 Spellcasting
 + Level 2.2 Conjurations
 + Level 2.2 Hexes
 + Level 2.2 Summonings
 + Level 2.2 Necromancy
 + Level 2.2 Translocations
 + Level 2.2 Transmutations
 + Level 2.2 Fire Magic
 + Level 2.2 Ice Magic
 + Level 2.2 Air Magic
 + Level 2.2 Earth Magic
 + Level 2.2 Poison Magic
 + Level 3.1 Invocations
 + Level 2.8 Evocations


You had 11 spell levels left.
You didn't know any spells.
Your spell library contained the following spells:

 Spells                   Type           Power      Damage    Failure   Level
 Confusing Touch          Hex            5%         N/A       88%         3
 Ignite Poison            Fire/Tmut/Pois 5%         N/A       88%         3
 Mephitic Cloud           Conj/Pois/Air  5%         N/A       88%         3
 Freezing Cloud           Conj/Ice/Air   2%         6-21      100%        5
 Yara's Violent Unravell  Hex/Tmut       2%         3d3       100%        5
 Enfeeble                 Hex            2%         N/A       100%        7


Dungeon Overview and Level Annotations

Branches:
Dungeon (5/15)             Temple (1/1) D:4

Altars:
Ashenzari
Cheibriados
Dithmenos
Elyvilon
Fedhas
Gozag
Hepliaklqana
Kikubaaqudgha
Makhleb
Nemelex Xobeh
Okawaru
Qazlal
Ru
Sif Muna
Trog
Uskayaw
Vehumet
Wu Jian
Xom
Yredelemnul
Zin
The Shining One

Annotations:
D:3 2 transporters, mrw0lf's ghost, weakling OgTm
D:4 exclusion: two-headed ogre


Innate Abilities, Weirdness & Mutations

You have very sharp teeth.
Your uncanny sense of smell can sniff out nearby items.
Your experience applies equally to all skills.


Message History

The scorpion misses you.
You slash the scorpion!
You kill the scorpion!
You hit something.
The orc priest invokes the aid of Beogh against you.
Beogh smites you! Something hits you. Something hits you but does no damage.
You hear a shout! x2
You closely miss something. Your bite misses something.
Something hits you but does no damage.
Unknown command.
You hear some strange, mumbled words.
You are confused.
You bump into the rock wall.
A magic dart appears from out of thin air!
The magic dart hits you!
It was a potion of curing.
You feel better. Something hits you but does no damage.
You block something's attack.
The orc priest mumbles some strange prayers to Beogh against you.
Beogh smites you!
The orc priest mumbles some strange prayers to Beogh against you.
Beogh smites you!
* * * LOW HITPOINT WARNING * * *
Something hits you.
* * * LOW HITPOINT WARNING * * *
You hear some strange, mumbled words.
You are confused.
The orc priest casts a cantrip, but nothing happens.
You bump into the rock wall.
You miss something. Your bite misses something.
Something hits you but does no damage.
You feel better. Something hits you.
The orc priest calls down the wrath of Beogh upon you.
Beogh smites you!
* * * LOW HITPOINT WARNING * * *
You hear some strange, mumbled words.
Something tries to affect you, but you resist.
The orc priest calls down the wrath of Beogh upon you.
Beogh smites you!
You die...

#s......#
#....# #.#
##'######
#.#### #.##
#.##### #.#
#... #.....#
#.# #####
#.###.# #.#
#<... ### #o#
#.# ##### #.#
#.# #o# #.#
#.#########@#
#.##.o.o{...#
#.##.########
#.o..# ####.#
#.# ###


You could see 2 orc priests.

Vanquished Creatures
  A black bear (D:4)
  An ice beast (D:4)
  A phantom (D:5)
  5 scorpions
  2 hounds (D:5)
  A jelly (D:5)
  An iguana (D:4)
  4 adders
  3 gnolls (D:2)
  An ufetubus (D:5)
  2 dart slugs (D:1)
  8 orcs
  13 endoplasms
  3 giant cockroaches
  4 goblins
  3 hobgoblins
  2 jackals (D:3)
  8 kobolds
  5 ball pythons
  3 bats
  2 frilled lizards
  4 rats
77 creatures vanquished.

Notes
Turn   | Place    | Note
-------+----------+-------------------------------------------
     0 | D:5      | Reached skill level 9 in Stealth
     0 | D:5      | Ajdolov the Gnoll Delver began the quest for the Orb.
     0 | D:5      | Reached XP level 1. HP: 23/23 MP: 1/1
    12 | D:5      | Noticed a jelly
    22 | D:5      | Noticed a hound
    35 | D:5      | Killed a hound
    36 | D:5      | Reached XP level 2. HP: 19/29 MP: 2/2
    36 | D:5      | Reached XP level 3. HP: 23/35 MP: 3/3
    83 | D:5      | Reached skill level 1 in Invocations
   173 | D:4      | Noticed a two-headed ogre
   394 | D:4      | Noticed a scorpion
   419 | D:3      | Reached skill level 1 in Short Blades
   419 | D:3      | Reached skill level 1 in Axes
   419 | D:3      | Reached skill level 1 in Maces & Flails
   419 | D:3      | Reached skill level 1 in Polearms
   419 | D:3      | Reached skill level 1 in Staves
   419 | D:3      | Reached skill level 1 in Slings
   419 | D:3      | Reached skill level 1 in Bows
   419 | D:3      | Reached skill level 1 in Crossbows
   419 | D:3      | Reached skill level 1 in Throwing
   419 | D:3      | Reached skill level 1 in Armour
   419 | D:3      | Reached skill level 1 in Shields
   419 | D:3      | Reached skill level 1 in Unarmed Combat
   419 | D:3      | Reached skill level 1 in Spellcasting
   419 | D:3      | Reached skill level 1 in Evocations
   669 | D:2      | Reached XP level 4. HP: 41/41 MP: 5/5
  1293 | D:2      | Reached skill level 1 in Conjurations
  1293 | D:2      | Reached skill level 1 in Hexes
  1293 | D:2      | Reached skill level 1 in Summonings
  1293 | D:2      | Reached skill level 1 in Necromancy
  1293 | D:2      | Reached skill level 1 in Translocations
  1293 | D:2      | Reached skill level 1 in Transmutations
  1293 | D:2      | Reached skill level 1 in Fire Magic
  1293 | D:2      | Reached skill level 1 in Ice Magic
  1293 | D:2      | Reached skill level 1 in Air Magic
  1293 | D:2      | Reached skill level 1 in Earth Magic
  1293 | D:2      | Reached skill level 1 in Poison Magic
  1934 | D:1      | Found a faded altar of an unknown god.
  1946 | D:1      | Reached XP level 5. HP: 47/47 MP: 6/6
  2670 | D:3      | Found a transporter.
  2736 | D:3      | Found an ornate altar of the Wu Jian Council.
  2789 | D:3      | Noticed mrw0lf's ghost (weakling OgTm)
  2790 | D:3      | Found a transporter.
  2856 | D:3      | Noticed a phantom
  3246 | D:3      | Identified the -1 pair of gloves "Dagryet" {Harm}
  3563 | D:4      | Noticed a black bear
  3581 | D:4      | Killed a black bear
  3582 | D:4      | Reached skill level 5 in Long Blades
  3582 | D:4      | Reached skill level 5 in Dodging
  3582 | D:4      | Reached XP level 6. HP: 51/53 MP: 8/8
  3778 | D:4      | Found a staircase to the Ecumenical Temple.
  3784 | Temple   | Entered the Ecumenical Temple
  4154 | Temple   | Became a worshipper of Ru the Awakened
  4225 | D:4      | Noticed an ice beast
  4231 | D:4      | Identified the +0 buckler "Xonuesov" {rN+}
  4286 | D:4      | Reached XP level 7. HP: 8/59 MP: 10/10
  5310 | D:5      | Reached skill level 10 in Stealth
  5602 | D:5      | Killed from afar by an orc priest

Illustrated notes

Levels and vault maps discovered:
D:1:      elethiomel_arrival_shortcut, layout_loops_ring,
          shapermc_ecumenical_altar_venn
D:2:      layout_basic
D:3:      layout_loops_cross, nzn_wu_jian_council_hall,
          gammafunk_ghost_mausoleum
D:4:      layout_layer_cave, minmay_temple_entry_enclosed_plants
D:5:      layout_basic, uniq_prince_ribbit1
Temple:   mainiacjoe_temple_trianglar_array

Skill      XL: |  1  2  3  4  5  6  7 |
---------------+----------------------+-----
Stealth        | 10 | 10.0
Invocations    | 1 2 3 |  3.1
Short Blades   | 1 2 |  2.8
Axes           | 1 2 |  2.8
Maces & Flails | 1 2 |  2.8
Polearms       | 1 2 |  2.8
Staves         | 1 2 |  2.8
Slings         | 1 2 |  2.8
Bows           | 1 2 |  2.8
Crossbows      | 1 2 |  2.8
Throwing       | 1 2 |  2.8
Armour         | 1 2 |  2.8
Shields        | 1 2 |  2.8
Unarmed Combat | 1 2 |  2.8
Spellcasting   | 1 2 |  2.8
Evocations     | 1 2 |  2.8
Conjurations   | 1 2 |  2.2
Hexes          | 1 2 |  2.2
Summonings     | 1 2 |  2.2
Necromancy     | 1 2 |  2.2
Translocations | 1 2 |  2.2
Transmutations | 1 2 |  2.2
Fire Magic     | 1 2 |  2.2
Ice Magic      | 1 2 |  2.2
Air Magic      | 1 2 |  2.2
Earth Magic    | 1 2 |  2.2
Poison Magic   | 1 2 |  2.2
Long Blades    | 5 |  5.4
Dodging        | 5 |  5.4
Fighting       | 7 |  7.1

Action                   |  1- 3 |  4- 6 |  7- 9 || total
-------------------------+-------+-------+-------++-------
Melee: Falchion          |    11 |       |       ||    11
       Bite              |     3 |    13 |     6 ||    22
       Punch             |     1 |     2 |     2 ||     5
       Long sword        |    26 |   143 |    63 ||   232
Throw: Dart              |       |     6 |       ||     6
       Throwing net      |       |       |     1 ||     1
  Use: Potion            |     1 |     1 |     2 ||     4
 Stab: Sleeping          |     6 |    21 |     2 ||    29
       Distracted        |       |     1 |       ||     1
       Held in net/web   |       |       |     2 ||     2
Armor: Leather armour    |     4 |       |       ||     4
       Scale mail        |     1 |    42 |    32 ||    75
Dodge: Dodged            |    17 |    49 |    36 ||   102
Block: Other             |     2 |    27 |    20 ||    49

Table legend: (Time is in decaauts)
 A = Elapsed time spent in this place.
 B = Non-inter-level travel time spent in this place.
 C = Inter-level travel time spent in this place.
 D = Time resting spent in this place.
 E = Time spent auto-exploring this place.
 F = Levels seen in this place.
 G = Mean time per level.
                   A        B        C        D        E       F      G
               +--------+--------+--------+--------+--------+-----+--------+
         Total |   5609 |   5347 |    262 |   1018 |   3319 |   6 |  934.8 |
       Dungeon |   5219 |   4975 |    244 |   1018 |   2959 |   5 | 1043.8 |
        Temple |    389 |    371 |     18 |      0 |    360 |   1 |  389.0 |
               +--------+--------+--------+--------+--------+-----+--------+

Top non-repeatable levels by time:
     D:4: 1478 daAuts
     D:1: 1219 daAuts
     D:2: 1021 daAuts
     D:3: 946 daAuts
     D:5: 554 daAuts
  Temple: 389 daAuts
